 Dungeon Crawl Stone Soup version 0.31-a0-986-g5e6e4ef867 (webtiles) character file.

Game seed: 11292561618003636570

1670 Arex the Trooper (level 8, 0/65 HPs)
             Began as a Demonspawn Fighter on Nov 14, 2023.
             Was an Initiate of Gozag.
             Succumbed to a killer bee's poison
             ... on level 6 of the Dungeon.
             The game lasted 00:10:13 (6759 turns).

Arex the Trooper (Demonspawn Fighter)               Turns: 6759, Time: 00:10:14

Health: 0/65       AC: 17    Str: 18    XL:     8   Next: 70%
Magic:  8/8        EV:  5    Int: 14    God:    Gozag
Gold:   793        SH:  5    Dex: 13    Spells: 7/7 levels left

rFire   . . .        a - +1 trident
rCold   . . .        c - +0 buckler
rNeg    . . .        p - +0 plate armour
rPois   .            (no helmet)
rElec   .            (no cloak)
rCorr   .            v - +1 pair of gloves of Pathos {Int+4 Stlth+}
SInv    .            (no boots)
Will    .....        (no amulet) Stlth
                     i - ring of wizardry
HPRegen 0.30/turn    (no ring)
MPRegen 0.22/turn

%: wizardry (x1)
@: mighty, lethally poisoned (0 -> -24), gold aura
A: hooves 1, slimy green scales 2, magic regeneration
a: Renounce Religion, Potion Petition, Call Merchant, Bribe Branch


You were on level 6 of the Dungeon.
You worshipped Gozag.
Gozag was pleased with you.
You visited 1 branch of the dungeon, and saw 7 of its levels.
You also visited: Ossuary.

You collected 833 gold pieces.
You paid 40 gold pieces to Gozag.

Inventory:

Hand Weapons
 a - a +1 trident (weapon)
Missiles
 C - a throwing net
Armour
 b - a +0 scale mail
 c - a +0 buckler (worn)
 p - a +0 plate armour (worn)
 r - a +0 pair of gloves
 v - the +1 pair of gloves of Pathos (worn) {Int+4 Stlth+}
   (You found it on level 4 of the Dungeon)

   Int+4:     It affects your intelligence (+4).
   Stlth+:    It makes you more stealthy.
Jewellery
 i - a ring of wizardry (left hand)
Wands
 y - a wand of digging (3)
 z - a wand of acid (7)
 F - a wand of roots (14)
Scrolls
 f - 4 scrolls of teleportation
 h - a scroll of torment
 j - 2 scrolls of poison
 m - 2 scrolls of enchant armour
 n - 3 scrolls of enchant weapon
 s - a scroll of blinking
 u - a scroll of amnesia
 w - a scroll of butterflies
 x - a scroll of vulnerability
 E - a scroll of immolation {unknown}
 G - a scroll of revelation
Potions
 e - 3 potions of attraction {unknown}
 g - a potion of cancellation {unknown}
 k - a potion of brilliance {unknown}
 l - a potion of curing {unknown}
 o - 2 potions of magic
 q - 2 potions of berserk rage {unknown}
 t - a potion of heal wounds
 A - 3 potions of mutation {unknown}
 B - 2 potions of haste {unknown}
 D - 2 potions of enlightenment {unknown}


   Skills:
 + Level 6.3 Fighting
 + Level 5.3 Polearms
 + Level 5.7 Armour
 + Level 5.7 Shields


You had 7 spell levels left.
You didn't know any spells.
Your spell library contained the following spells:

 Spells                   Type           Power      Damage    Failure   Level
 Slow                     Hex            0%         N/A       98%         1
 Confusing Touch          Hex            0%         N/A       100%        3
 Sigil of Binding         Hex            0%         N/A       100%        3
 Vampiric Draining        Necr           0%         2d6       100%        3


Dungeon Overview and Level Annotations

Branches:
Dungeon (7/15)            Ossuary (visited)
 Temple: D:4-7

Altars:
Ashenzari
Gozag
Qazlal


Innate Abilities, Weirdness & Mutations

You have large cloven feet.
You are mostly covered in slimy green scales. (AC +3)
You regenerate magic rapidly.


Message History

The killer bee stings you. The killer bee barely misses you.
The killer bee stings you but does no damage.
The killer bee stings you. The killer bee stings you!
You are more poisoned.
The killer bee poisons you!
The killer bee stings you but does no damage.
You block the killer bee's attack.
The killer bee stings you but does no damage.
You feel very mighty all of a sudden.
You feel very sick. The killer bee stings you.
You are more poisoned.
The killer bee poisons you! The killer bee stings you.
You are lethally poisoned!
The killer bee poisons you! You block the killer bee's attack.
The killer bee stings you but does no damage.
The killer bee stings you.
The killer bee stings you but does no damage.
The killer bee stings you.
* * * LOW HITPOINT WARNING * * *
You are more poisoned.
The killer bee poisons you!
The killer bee stings you but does no damage.
You block the killer bee's attack.
You puncture the killer bee!
You kill the killer bee!
* * * LOW HITPOINT WARNING * * *
You feel extremely sick.
The killer bee stings you but does no damage.
The killer bee stings you.
* * * LOW HITPOINT WARNING * * *
The killer bee stings you but does no damage.
The killer bee barely misses you.
The killer bee stings you but does no damage.
The killer bee is distracted by your dazzling golden aura.
The killer bee buzzes angrily.
Unknown command.
You feel yourself speed up.
You die...
Your body crumbles into a pile of gold.

#.....#
#####.....#
#######.........#
##.......###.....#
#..####### #.....#
###.## #.....#
#...# #.....#
..### ###.### .##
#@# ## #>#####
##yy...##
##.......##
#.........#
#.........#
#.........#
#.........# #
######.........#


You could see 2 killer bees.

Vanquished Creatures
  A water moccasin (D:5)
  2 ice beasts (D:6)
  An ogre (D:5)
  A kobold brigand (D:5)
  2 phantoms
  2 bullfrogs (D:5)
  A scorpion (D:4)
  A water moccasin zombie (D:3)
  A killer bee (D:6)
  A howler monkey (D:5)
  3 centaur zombies (Ossuary)
  A human zombie (Ossuary)
  A hound (D:4)
  A jelly (D:5)
  2 gnoll boudas (D:5)
  6 iguanas
  Natasha (twice) (D:2)
  An orc wizard (D:5)
  A hound zombie (D:3)
  2 mummies (Ossuary)
  7 gnolls
  7 adders
  A shadow imp (D:5)
  An adder zombie (Ossuary)
  2 worms
  2 dart slugs
  8 orcs
  9 bats
  8 endoplasms
  4 giant cockroaches
  5 goblins
  4 hobgoblins
  6 jackals
  A quokka (D:1)
  8 ball pythons
  A ball python skeleton (D:3)
  3 frilled lizards
  A giant cockroach zombie (D:3)
  A goblin zombie (Ossuary)
  10 hobgoblin zombies (Ossuary)
  2 jackal zombies (Ossuary)
  4 kobolds
  5 kobold zombies (Ossuary)
  12 orc zombies (Ossuary)
  2 rats
  A rat zombie (Ossuary)
148 creatures vanquished.

Notes
Turn   | Place    | Note
-------+----------+-------------------------------------------
     0 | D:1      | Arex the Demonspawn Fighter began the quest for the Orb.
     0 | D:1      | Reached XP level 1. HP: 18/18 MP: 1/1
    81 | D:1      | Gained mutation: You regenerate magic rapidly. [demonic
                  | ancestry]
    81 | D:1      | Reached XP level 2. HP: 22/24 MP: 2/2
   744 | D:2      | Gained mutation: You have large cloven feet. [demonic
                  | ancestry]
   744 | D:2      | Reached XP level 3. HP: 29/29 MP: 3/3
  1130 | D:2      | Noticed Natasha
  1136 | D:2      | Killed Natasha
  1137 | D:2      | Reached XP level 4. HP: 16/35 MP: 4/4
  1354 | D:2      | Found a broken altar of Ashenzari.
  1878 | D:2      | Noticed Natasha
  1887 | D:2      | Killed Natasha
  2077 | D:3      | Reached XP level 5. HP: 41/42 MP: 5/5
  2338 | D:3      | Reached skill level 4 in Fighting
  2548 | D:3      | Found a faded altar of an unknown god.
  2766 | D:3      | Found a large runed translucent door.
  2767 | D:3      | Found a large runed translucent door.
  3101 | D:3      | Found an opulent altar of Gozag.
  3111 | D:3      | Found a stormy altar of Qazlal.
  3120 | D:3      | Became a worshipper of Gozag Ym Sagoz the Greedy
  3181 | D:4      | Reached XP level 6. HP: 37/48 MP: 6/6
  3492 | D:4      | Identified the +1 pair of gloves of Pathos {Int+4 Stlth+}
  4086 | D:5      | Entered Level 5 of the Dungeon
  4188 | D:5      | Gained mutation: You are partially covered in slimy green
                  | scales. (AC +2) [demonic ancestry]
  4188 | D:5      | Reached XP level 7. HP: 53/55 MP: 7/7
  4205 | D:5      | Reached skill level 5 in Fighting
  4808 | D:5      | Found a broken altar of Ashenzari.
  5580 | D:5      | Reached skill level 5 in Armour
  5580 | D:5      | Reached skill level 5 in Shields
  5580 | D:5      | Gained mutation: You are mostly covered in slimy green
                  | scales. (AC +3) [demonic ancestry]
  5580 | D:5      | Reached XP level 8. HP: 60/63 MP: 8/8
  5735 | D:6      | Found a sand-covered staircase.
  5743 | Ossuary  | Entered an ossuary
  6212 | D:6      | Reached skill level 6 in Fighting
  6212 | D:6      | Reached skill level 5 in Polearms
  6759 | D:6      | Succumbed to a killer bee's poison

Illustrated notes

Levels and vault maps discovered:
D:1:      erik_arrival_cave_to_civilisation [erik_arrival_cave_to_hall],
          layout_basic
D:2:      layout_basic, basic_altar, uniq_natasha
D:3:      wad_lake_hut, layout_basic, jmf_multi_god_temple2,
          shapermc_ecumenical_altar_ellora, serial_undead, serial_undead_f,
          serial_undead_c, serial_undead_b, serial_undead_e, serial_undead_e,
          serial_undead_c, serial_undead_f, st_stairs_14, hangedman_decor_points
D:4:      layout_basic
D:5:      layout_basic, nicolae_ashenzari_skybound
D:6:      layout_rooms, nicolae_ossuary_entry_plus, chequers_mini_garden
D:7:      minmay_s_stair_smasher, layout_rooms,
          minmay_temple_entry_proselytizer, uniq_jeremiah

Skill      XL: |  1  2  3  4  5  6  7  8 |
---------------+-------------------------+-----
Polearms       | 2 3 4 5 |  5.3
Armour         | 3 4 5 |  5.7
Shields        | 3 4 5 |  5.7
Fighting       | 4 5 6 |  6.3

Action                     |  1- 3 |  4- 6 |  7- 9 || total
---------------------------+-------+-------+-------++-------
  Melee: Trident           |    89 |   212 |   261 ||   562
         Kick              |     8 |    46 |    66 ||   120
    Use: Scroll            |       |     8 |     5 ||    13
         Potion            |       |     1 |     3 ||     4
   Stab: Distracted        |       |       |     1 ||     1
 Armour: Scale mail        |    58 |    16 |       ||    74
         Plate armour      |       |   138 |   277 ||   415
  Dodge: Dodged            |    37 |    45 |    60 ||   142
  Block: Buckler           |    15 |    35 |    72 ||   122

Table legend: (Time is in decaauts)
 A = Elapsed time spent in this place.
 B = Non-inter-level travel time spent in this place.
 C = Inter-level travel time spent in this place.
 D = Time resting spent in this place.
 E = Time spent auto-exploring this place.
 F = Levels seen in this place.
 G = Mean time per level.
                   A        B        C        D        E       F      G
               +--------+--------+--------+--------+--------+-----+--------+
         Total |   6907 |   6533 |    374 |    557 |   4635 |   8 |  863.4 |
       Dungeon |   6442 |   6068 |    374 |    463 |   4582 |   7 |  920.3 |
       Ossuary |    464 |    464 |      0 |     94 |     53 |   1 |  464.0 |
               +--------+--------+--------+--------+--------+-----+--------+

Top non-repeatable levels by time:
     D:5: 1613 daAuts
     D:2: 1292 daAuts
     D:3: 1241 daAuts
     D:4: 957 daAuts
     D:1: 703 daAuts
     D:6: 628 daAuts
 Ossuary: 464 daAuts
     D:7: 4 daAuts
